AoeStats
← sehal

Black Forest

510710343Analyzed
4v4 RM · 1d ago on Oct 2, 2026· 56m 59s· 8 players
Game mode
Random Map
Map size
Large (8 player)
Population
200
Speed
Normal
Resources
Standard
Victory
Conquest
Starting age
Dark Age
Ending age
Imperial Age
RankedLock teamsTeams togetherTeam positionsShared explorationLock speedFull tech treeHidden civsTurbo modeCheats
Victory
Defeat
🇪🇸 Khmer · Spain
834
+16
🇵🇰 Mongols · Pakistan
823
+16
🇨🇳 Persians · China
822
+16
🇦🇹 Franks · Austria
780
+18
🇨🇳 Dravidians · China
826
-17
🇨🇳 Wei · China
814
-32
🇸🇬 Vietnamese · Singapore
811
-16
我是厨子不是愚公,只会做饭不会易大山
0:32 Loom
12:08 Feudal Age
13:06 Double-Bit Axe
15:25 Wheelbarrow
23:51 Horse Collar
24:05 Stone Mining
24:09 Gold Mining
27:35 Castle Age
26:08 Fletching
27:44 Padded Archer Armor
28:20 Bodkin Arrow
29:02 Bow Saw
33:07 Fervor
37:09 Imperial Age
35:46 Treadmill Crane
36:41 Heavy Plow
37:11 Leather Archer Armor
38:17 Hand Cart
39:45 Two-Man Saw
40:38 Bracer
41:08 Ring Archer Armor
42:11 Fortified Wall
42:17 Caravan
43:00 Conscription
43:26 Bombard Tower
44:45 Artillery
45:31 Elite Janissary
48:59 Ballistics
48:50 Masonry
48:36 Murder Holes
帝国的铁骑
11:55 Feudal Age
14:36 Double-Bit Axe
24:28 Castle Age
22:32 Horse Collar
23:07 Gold Mining
23:07 Stone Mining
23:57 Stone Mining
25:59 Gold Shaft Mining
26:04 Stone Shaft Mining
27:00 Wheelbarrow
26:47 Bow Saw
30:18 Scale Barding Armor
30:26 Forging
30:26 Heavy Plow
31:18 Tuntian
31:19 Loom
33:00 Fervor
33:50 Hand Cart
33:25 Town Watch
35:06 Caravan
38:35 Imperial Age
37:40 Chain Barding Armor
37:41 Husbandry
39:03 Iron Casting
38:46 Bloodlines
39:48 Conscription
40:45 Blast Furnace
40:26 Elite Tiger Cavalry
41:40 Capped Ram
43:45 Ming Guang Armor
46:22 Hoardings
再也不开箱了
5:05 Loom
14:07 Feudal Age
16:02 Double-Bit Axe
19:08 Castle Age
17:34 Horse Collar
20:11 Town Watch
21:02 Wheelbarrow
20:42 Thumb Ring
25:36 Heavy Plow
26:51 Bow Saw
27:46 Hand Cart
27:52 Gold Mining
27:54 Stone Mining
31:04 Medical Corps
31:45 Ballistics
34:49 Imperial Age
32:32 Fletching
32:50 Scale Barding Armor
33:10 Bodkin Arrow
35:02 Husbandry
35:43 Chain Barding Armor
35:27 Padded Archer Armor
36:06 Conscription
36:08 Wootz Steel
35:15 Elite Elephant Archer
38:06 Two-Man Saw
39:24 Bracer
39:40 Leather Archer Armor
41:22 Chemistry
41:41 Ring Archer Armor
41:23 Forging
41:49 Guilds
51:19 Wootz Steel
52:14 Light Cavalry
54:06 Iron Casting
56:11 Blast Furnace
HUIJIAN
Windrunner90
2:36 Loom
13:54 Feudal Age
16:59 Horse Collar
20:50 Castle Age
18:53 Double-Bit Axe
19:42 Stone Mining
19:50 Gold Mining
20:31 Fletching
21:09 Town Watch
22:00 Wheelbarrow
22:08 Bow Saw
22:44 Stone Shaft Mining
22:48 Gold Shaft Mining
23:17 Heavy Plow
24:29 Fortified Wall
27:10 Caravan
28:00 Ballistics
27:43 Murder Holes
30:46 Hand Cart
36:11 Imperial Age
33:53 Town Patrol
35:57 Scale Barding Armor
36:03 Forging
35:49 Bodkin Arrow
37:58 Chemistry
37:11 Siege Engineers
38:11 Crop Rotation
39:18 Double Crossbow
40:29 Heavy Scorpion
45:53 Chain Barding Armor
46:10 Iron Casting
45:37 Bracer
50:24 Light Cavalry
51:07 Husbandry
50:29 Elite Battle Elephant
51:15 Tusk Swords
51:36 Conscription
53:40 Plate Barding Armor
54:07 Blast Furnace
52:32 Hussar
wkl
4:15 Loom
15:09 Feudal Age
20:14 Castle Age
18:13 Stone Mining
18:13 Horse Collar
19:23 Double-Bit Axe
22:12 Wheelbarrow
21:23 Town Watch
22:25 Bow Saw
28:11 Gold Mining
33:27 Imperial Age
32:04 Hand Cart
32:14 Town Patrol
34:52 Stone Shaft Mining
34:52 Gold Shaft Mining
35:44 Two-Man Saw
34:47 Heavy Plow
36:25 Crop Rotation
36:34 Caravan
37:05 Coinage
36:46 Guilds
37:47 Cavalier
38:27 Husbandry
38:39 Bloodlines
37:49 Light Cavalry
37:54 Elite War Elephant
38:55 Conscription
39:23 Savar
42:49 Fletching
43:10 Forging
43:00 Scale Mail Armor
43:01 Padded Archer Armor
43:06 Scale Barding Armor
47:09 Hussar
49:51 Chemistry
48:47 Murder Holes
49:13 Ballistics
49:37 Iron Casting
49:18 Leather Archer Armor
49:19 Chain Mail Armor
49:24 Chain Barding Armor
50:01 Bodkin Arrow
52:09 Banking
53:13 Blast Furnace
52:44 Plate Mail Armor
52:44 Ring Archer Armor
sehal
8:20 Loom
11:04 Feudal Age
11:09 Feudal Age
17:04 Castle Age
15:28 Double-Bit Axe
15:25 Horse Collar
15:39 Stone Mining
29:07 Wheelbarrow
28:49 Gold Mining
29:53 Bow Saw
29:47 Heavy Plow
30:39 Gold Shaft Mining
30:43 Stone Shaft Mining
30:02 Fletching
30:13 Padded Archer Armor
33:08 Imperial Age
31:33 Bodkin Arrow
31:54 Leather Archer Armor
31:47 Caravan
33:30 Elite Mangudai
34:31 Conscription
34:27 Bloodlines
34:17 Husbandry
34:46 Thumb Ring
35:06 Parthian Tactics
35:29 Hand Cart
36:08 Ballistics
36:59 Bracer
37:10 Forging
37:06 Scale Barding Armor
38:42 Chemistry
38:09 Town Watch
38:40 Squires
38:26 Arson
39:48 Iron Casting
40:06 Siege Engineers
41:32 Onager
43:28 Blast Furnace
42:49 Chain Barding Armor
43:00 Siege Onager
44:40 Drill
45:02 Capped Ram
53:36 Siege Ram
Law
10:08 Loom
12:51 Feudal Age
17:33 Scale Mail Armor
17:38 Scale Barding Armor
18:16 Wheelbarrow
19:44 Castle Age
19:12 Double-Bit Axe
19:21 Gold Mining
19:33 Stone Mining
22:41 Bow Saw
23:08 Gold Shaft Mining
26:10 Caravan
29:16 Hand Cart
29:29 Hand Cart
30:21 Coinage
30:00 Husbandry
34:31 Imperial Age
34:55 Chain Mail Armor
35:00 Chain Barding Armor
34:09 Pikeman
34:49 Squires
34:35 Arson
35:34 Halberdier
35:37 Cavalier
36:58 Banking
37:39 Plate Mail Armor
37:55 Plate Barding Armor
38:25 Heavy Scorpion
39:48 Elite Throwing Axeman
41:04 Hoardings
41:23 Onager
43:09 Ordonnance Companies
43:58 Paladin
48:42 Padded Archer Armor
48:33 Fletching
48:53 Forging
Connection lost

Rejoining the realm…

Still unreachable

The connection could not be restored.

Session expired

The server has moved on; the page needs a fresh start.